AoeStats
← u2roOck

Arabia

505592075Analyzed
4v4 RM · 22d ago on Sep 10, 2026· 31m 26s· 8 players
Game mode
Random Map
Map size
Large (8 player)
Population
200
Speed
Normal
Resources
Standard
Victory
Conquest
Starting age
Dark Age
Ending age
Imperial Age
RankedLock teamsTeams togetherTeam positionsShared explorationLock speedFull tech treeHidden civsTurbo modeCheats
Victory
Defeat
🇨🇴 Persians · Colombia
1271
+13
🇲🇽 Saracens · Mexico
1270
+13
🇦🇷 Hindustanis · Argentina
1191
+17
🇦🇷 Ethiopians · Argentina
1190
+17
🇲🇽 Spanish · Mexico
1243
-16
🇵🇪 Mongols · Peru
1216
-15
🇲🇽 Aztecs · Mexico
1212
-15
🇲🇽 Ethiopians · Mexico
1174
-14
DSLG bolbie
6:15 Loom
9:19 Feudal Age
24:16 Double-Bit Axe
MZTK | ___Jaque_mate
9:26 Loom
13:15 Feudal Age
22:47 Castle Age
22:03 Fletching
22:14 Padded Archer Armor
22:49 Crossbowman
26:39 Bodkin Arrow
27:30 Double-Bit Axe
29:20 Leather Archer Armor
u2roOck
8:35 Loom
10:49 Feudal Age
17:45 Castle Age
15:57 Double-Bit Axe
19:49 Bloodlines
20:08 Husbandry
20:14 Padded Archer Armor
21:27 Fletching
21:44 Horse Collar
29:08 Wheelbarrow
tupesadilla
5:47 Loom
9:41 Feudal Age
10:13 Double-Bit Axe
10:16 Horse Collar
18:44 Forging
20:03 Scale Barding Armor
25:10 Castle Age
23:47 Gold Mining
24:15 Bloodlines
25:58 Wheelbarrow
26:59 Chain Barding Armor
28:08 Husbandry
28:42 Bow Saw
28:33 Heavy Plow
30:17 Iron Casting
VZ | YURIEL
6:56 Loom
9:05 Feudal Age
11:12 Double-Bit Axe
15:05 Fletching
23:07 Castle Age
21:29 Gold Mining
23:52 Bodkin Arrow
23:18 Crossbowman
Juan_DavidMLL
5:51 Loom
8:30 Feudal Age
9:06 Town Watch
18:48 Town Watch
19:17 Double-Bit Axe
22:09 Castle Age
20:56 Horse Collar
21:55 Scale Barding Armor
22:01 Forging
22:02 Bloodlines
23:10 Chain Barding Armor
23:02 Stone Mining
23:05 Gold Mining
24:18 Husbandry
25:06 Bow Saw
29:51 Iron Casting
31:13 Heavy Plow
31:50 Wheelbarrow
31:00 Town Watch
VZ | Facuaoe
5:55 Loom
9:12 Feudal Age
10:27 Double-Bit Axe
12:42 Fletching
15:18 Padded Archer Armor
23:13 Castle Age
23:17 Crossbowman
23:58 Bodkin Arrow
26:02 Ballistics
felixaleman1010
7:29 Loom
9:40 Feudal Age
10:14 Double-Bit Axe
10:11 Horse Collar
13:53 Scale Barding Armor
15:15 Bloodlines
18:37 Forging
22:21 Castle Age
22:39 Light Cavalry
23:20 Husbandry
23:42 Chain Barding Armor
23:57 Iron Casting
28:05 Iron Casting
Connection lost

Rejoining the realm…

Still unreachable

The connection could not be restored.

Session expired

The server has moved on; the page needs a fresh start.